 Dungeon Crawl Stone Soup version 0.31-a0-204-g7da18cac08 (webtiles) character file.

Game seed: 3405726259278732489

16 qw the Shooter (level 2, 0/16 HPs)
             Began as a Deep Elf Hunter on June 27, 2023.
             Succumbed to an adder's poison
             ... on level 2 of the Dungeon.
             The game lasted 00:00:10 (801 turns).

qw the Shooter (Deep Elf Hunter)                     Turns: 801, Time: 00:00:10

Health: 0/16       AC:  5    Str:  8    XL:     2   Next: 37%
Magic:  4/4        EV: 10    Int: 13    God:
Gold:   46         SH:  0    Dex: 18    Spells: 1/1 levels left

rFire   . . .        Y - +0 shortbow
rCold   . . .        (shield currently unavailable)
rNeg    . . .        e - +0 ring mail
rPois   .            (no helmet)
rElec   .            (no cloak)
rCorr   .            (no gloves)
SInv    .            (no boots)
Will    .....        (no amulet)
Stlth   +            (no ring)
HPRegen 0.22/turn    (no ring)
MPRegen 0.09/turn

%: no passive effects
@: lethally poisoned (0 -> -6)
A: no striking features
a: no special abilities


You were on level 2 of the Dungeon.
You visited 1 branch of the dungeon, and saw 2 of its levels.

You collected 46 gold pieces.


   Skills:
 - Level 1.5 Fighting
 + Level 6.2 Ranged Weapons
 - Level 2.4 Dodging
 - Level 1.2 Stealth


You had one spell level left.
You didn't know any spells.
Your spell library was empty.

Inventory:

Hand Weapons
 Y - a +0 shortbow (weapon)
Armour
 e - a +0 ring mail (worn)
Scrolls
 a - a scroll of enchant armour {unknown}

Dungeon Overview and Level Annotations

Branches:
Dungeon (2/15)

Altars:


Message History

You now have 46 gold pieces (gained 15).
There is a stone staircase leading down here.
An endoplasm comes into view.
Found 7 stones.
Enter note: You shoot an arrow.
The arrow hits the endoplasm!
You kill the endoplasm!
Found a scroll of vulnerability.
Enter note:
Found a stone staircase leading down.
Enter note:
Found a stone staircase leading down.
Enter note: An endoplasm comes into view.
Enter note: You shoot an arrow.
The arrow hits the endoplasm!
You kill the endoplasm!
You hear an angry hiss.
An adder comes into view.
You shoot an arrow. The arrow misses the adder.
The adder bites you but does no damage. The adder bites you.
You are poisoned.
The adder poisons you!
You shoot an arrow. The arrow completely misses the adder.
You feel sick. The adder barely misses you.
You shoot an arrow.
The arrow hits the adder but does no damage.
You feel sick. The adder closely misses you.
The adder bites you but does no damage.
You shoot an arrow. The arrow misses the adder.
You feel sick. The adder bites you.
You shoot an arrow. The arrow hits the adder.
The adder is moderately wounded.
You feel sick.
You are no longer poisoned.
The adder closely misses you. The adder bites you.
You are lethally poisoned!
The adder poisons you!
You shoot an arrow. The arrow barely misses the adder.
You die...

##.#####...###.##
...........# #...
##.......#.# ###.
#.#######.# #. .#
#># ## ###. #.# #
.# #.. #.######
#...###S# #.......
#......@# ######..
...####.# ###
##...
#.#######.####....
#..........##..#..
#.#####.......###.
#.######...##..#..
#.................
##################


You could see an adder.

Vanquished Creatures
  A dart slug (D:1)
  2 ball pythons (D:1)
  4 bats
  4 endoplasms
  A goblin (D:1)
  A kobold (D:1)
13 creatures vanquished.

Notes
Turn   | Place    | Note
-------+----------+-------------------------------------------
     0 | D:1      | qw the Deep Elf Hunter began the quest for the Orb.
     0 | D:1      | Reached XP level 1. HP: 12/12 MP: 3/3
     0 | D:1      | 0 ||| qw: Version: 0.3-a-22-g0ed2b0b
     0 | D:1      | 0 ||| qw: Game counter: 6618
     0 | D:1      | 0 ||| qw: Melee chars always use a shield: true
     0 | D:1      | 0 ||| qw: God list: Okawaru
     0 | D:1      | 0 ||| qw: Allow faded altars: false
     0 | D:1      | 0 ||| qw: Do Orc after clearing Dungeon:15 true
     0 | D:1      | 0 ||| qw: Do second Lair branch before Depths: true
     0 | D:1      | 0 ||| qw: Lair rune preference: random
     0 | D:1      | 0 ||| qw: Goals: Normal
     0 | D:1      | 0 ||| PLANNING D:1-11
   226 | D:1      | Reached skill level 6 in Ranged Weapons
   226 | D:1      | Reached XP level 2. HP: 16/16 MP: 4/4
   590 | D:1      | 590 ||| UPGRADING to +0 ring mail.
   600 | D:1      | 600 ||| DROPPING +0 leather armour.
   601 | D:1      | 601 ||| READING scroll labelled DOACURIGERO.
   602 | D:1      | 602 ||| READING scroll labelled KEQAD NUFA.
   603 | D:1      | 603 ||| DROPPING scroll of butterflies.
   800 | D:2      | HP: 3/16 [poisoned by an adder]
   801 | D:2      | Succumbed to an adder's poison

Levels and vault maps discovered:
D:1:      dpeg_arrival_signposts, layout_loops_ring
D:2:      layout_loops_ring, basic_altar, grunt_decor_mini_mirrors, uniq_robin,
          uniq_natasha

Skill      XL: |  1 |
---------------+----+-----
Ranged Weapons | 6 |  6.2
Fighting       | |  1.5
Dodging        | |  2.4
Stealth        | |  1.2

Action                     || total
---------------------------++-------
   Fire: Shortbow          ||    31
    Use: Scroll            ||     2
 Armour: Leather armour    ||     4
         Ring mail         ||     2
  Dodge: Dodged            ||     6

Table legend:
 A = Non-vault XP
 B = Vault XP
 C = Vault XP percentage of total XP
 D = Non-vault monster count
 E = Vault monster count
 F = Vault count percentage of total count
                 A         B        C        D         E       F
            +---------+---------+-------+---------+---------+-------
      Total |      23 |       0 |   0.0 |      13 |       0 |   0.0
            +---------+---------+-------+---------+---------+-------
        D:1 |      18 |       0 |   0.0 |      10 |       0 |   0.0
        D:2 |       5 |       0 |   0.0 |       3 |       0 |   0.0
            +---------+---------+-------+---------+---------+-------
